Map: [ESL] Dragon Scales

Players

MaxPax

  • Race: Protoss Protoss
  • Spawn Location: 5:00

MaNa - Winner!

  • Race: Protoss Protoss
  • Spawn Location: 11:00

Event: ESL SC2 Masters 2023 Summer (Regionals)

VOD

Have the link to the VOD?

Description

Time

  • Played on: May 14, 2023, 9:47 a.m.
  • Length: 13:07

All games in this series

Show
View Real Time Build Order
Export as new Build Order

MaxPax Protoss 

Build Orders: Oracle Opening 

Get SALT Encoding   

  12  0:01  Probe  
  13  0:13  Probe  
  14  0:22  Pylon  
  14  0:26  Probe  
  15  0:40  Probe (Chrono Boost)  
  16  0:44  Gateway  
  16  0:49  Probe (Chrono Boost), Assimilator  
  17  0:54  Probe (Chrono Boost)  
  18  1:04  Assimilator  
  18  1:06  Probe (Chrono Boost)  
  19  1:17  Pylon  
  20  1:18  Probe (Chrono Boost)  
  20  1:26  Probe (Chrono Boost)  
  20  1:30  Cybernetics Core  
  21  1:32  Probe  
  24  1:45  Probe  
  25  1:48  Zealot  
  25  1:57  Probe  
  26  2:11  Warp Gate  
  26  2:12  Stargate  
  26  2:18  Stalker  
  28  2:34  Pylon  
  28  2:51  Probe  
  28  2:52  Stalker  
  28  2:53  Oracle (Chrono Boost)  
  33  3:03  Probe  
  34  3:14  Gateway  
  34  3:15  Probe  
  35  3:26  Nexus  
  35  3:28  Shield Battery  
  35  3:29  Pylon  
  35  3:33  Probe  
  36  3:38  Robotics Facility  
  36  3:45  Probe  
  36  3:47  Oracle (Chrono Boost)  
  40  3:57  Probe  
  41  4:04  Stalker  
  44  4:10  Probe, Stalker  
  46  4:22  Probe  
  47  4:35  Immortal (Chrono Boost)  
  47  4:38  Probe (Chrono Boost)  
  53  4:39  Probe (Chrono Boost)  
  53  4:49  Twilight Council  
  53  4:50  Probe (Chrono Boost)  
  55  4:54  Probe (Chrono Boost)  
  55  4:56  Probe (Chrono Boost)  
  56  5:01  Probe  
  56  5:04  Probe  
  58  5:08  Pylon  
  58  5:09  Observer  
  58  5:12  Assimilator  
  58  5:14  Probe  
  60  5:16  Probe  
  60  5:20  Stalker  
  60  5:26  Probe  
  60  5:28  Probe  
  60  5:38  Probe  
  60  5:40  Probe  
  62  5:45  Blink (Chrono Boost)  
  62  5:48  Observer  
  61  5:50  Probe, Gateway  
  61  5:52  Probe, Gateway  
  61  5:54  Pylon  
  61  5:56  Pylon  
  63  5:59  Stalker  
  63  6:02  Stalker  
  67  6:12  Pylon  
  67  6:15  Warp Prism  
  69  6:24  Stalker  
  69  6:25  Stalker  
  73  6:33  Pylon  
  72  6:49  Probe  
  71  6:55  Stalker x4  
  71  6:56  Probe  
  80  7:02  Pylon x2  
  80  7:05  Dark Shrine  
  79  7:14  Pylon  
  79  7:23  Pylon  
  79  7:28  Stalker x4  
  87  7:36  Nexus  
  87  7:42  Probe  
  87  7:43  Pylon  
  87  7:44  Observer  
  88  7:53  Probe  
  87  8:00  Stalker x4  
  87  8:02  Probe, Observer  
  96  8:05  Probe  
  85  8:14  Probe  
  85  8:17  Probe  
  85  8:19  Shield Battery  
  87  8:22  Forge  
  87  8:23  Assimilator  
  87  8:26  Observer  
  87  8:28  Probe  
  87  8:30  Probe (Chrono Boost)  
  89  8:37  Dark Templar  
  89  8:39  Stalker x2  
  89  8:40  Probe (Chrono Boost), Stalker  
  98  8:42  Probe (Chrono Boost)  
  99  8:50  Probe x2 (Chrono Boost)  
  99  8:53  Probe (Chrono Boost)  
  99  8:55  Probe (Chrono Boost)  
  102  8:59  Protoss Ground Weapons Level 1 (Chrono Boost)  
  102  9:00  Observer  
  104  9:05  Stalker, Photon Cannon  
  104  9:07  Stalker  
  107  9:10  Stalker  
  109  9:26  Stalker  
  109  9:29  Gateway  
  109  9:30  Pylon  
  111  9:31  Probe x3, Gateway  
  111  9:33  Pylon  
  111  9:38  Observer  
  114  9:43  Stalker x3  
  112  9:51  Probe  
  104  9:55  Probe  
  105  10:01  Shield Battery  
  105  10:02  Stalker  
  105  10:03  Charge (Chrono Boost)  
  105  10:05  Probe  
  107  10:12  Stalker x3  
  112  10:19  Observer  
  112  10:23  Nexus  
  112  10:31  Dark Templar  
  111  10:35  Pylon  
  111  10:42  Stalker x2  
  111  10:43  Stalker  
  111  10:44  Probe  
  111  10:45  Probe  
  119  10:51  Dark Templar  
  121  11:02  Stalker  
  111  11:13  Zealot x3  
  107  11:19  Stalker  
  107  11:20  Probe  
  107  11:21  Probe x2  
  89  11:26  Stalker x2  
  77  11:33  Probe x2  
  77  11:35  Probe x2  
  71  11:45  Probe x2  
  73  11:47  Stalker x3  
  73  11:48  Shield Battery  
  73  11:49  Stalker  
  73  11:51  Probe  
  83  11:56  Stalker  
  83  11:58  Stalker  
  86  12:04  Shield Battery  
  87  12:12  Dark Templar x2  
  87  12:14  Zealot x2  
  93  12:19  Pylon  
  93  12:25  Gateway, Stalker  
  93  12:26  Observer  
  93  12:27  Zealot  
  95  12:39  Dark Templar  
  95  12:42  Zealot  
  93  12:49  Zealot x4  
  93  12:52  Probe  
  93  12:55  Probe  
Show
View Real Time Build Order
Export as new Build Order

MaNa Protoss - Winner!

Build Orders: Blink Stalkers 

Get SALT Encoding   

  12  0:00  Probe  
  13  0:12  Probe  
  14  0:21  Pylon  
  14  0:24  Probe  
  15  0:39  Probe (Chrono Boost)  
  15  0:42  Gateway  
  16  0:47  Probe (Chrono Boost)  
  16  0:48  Assimilator  
  17  0:53  Probe (Chrono Boost)  
  18  1:05  Probe (Chrono Boost)  
  18  1:06  Assimilator  
  19  1:13  Probe (Chrono Boost)  
  20  1:19  Probe, Gateway  
  21  1:30  Cybernetics Core  
  21  1:32  Probe  
  22  1:36  Pylon  
  22  1:44  Probe  
  23  1:55  Pylon  
  23  1:56  Probe  
  24  2:06  Warp Gate, Stalker  
  26  2:09  Stalker  
  26  2:11  Probe  
  29  2:17  Pylon  
  29  2:24  Probe, Pylon  
  30  2:32  Pylon  
  30  2:38  Twilight Council  
  30  2:40  Probe  
  31  2:50  Cybernetics Core  
  30  2:52  Probe  
  31  3:02  Stalker  
  31  3:04  Probe  
  34  3:14  Blink (Chrono Boost)  
  34  3:28  Nexus  
  34  3:30  Probe  
  35  3:36  Pylon  
  35  3:42  Probe  
  36  3:52  Shield Battery  
  36  3:54  Probe  
  36  3:55  Stalker  
  39  3:57  Sentry  
  41  4:07  Probe (Chrono Boost)  
  42  4:14  Pylon  
  42  4:19  Probe (Chrono Boost)  
  42  4:20  Stalker  
  42  4:21  Stalker  
  47  4:30  Pylon  
  47  4:31  Probe, Phoenix  
  48  4:44  Stalker  
  48  4:45  Probe x2  
  51  4:52  Stalker  
  53  4:57  Probe (Chrono Boost)  
  54  5:00  Probe (Chrono Boost)  
  55  5:09  Probe (Chrono Boost)  
  55  5:11  Gateway  
  55  5:12  Probe (Chrono Boost)  
  55  5:13  Gateway  
  57  5:17  Probe (Chrono Boost)  
  57  5:18  Probe (Chrono Boost)  
  59  5:23  Probe  
  59  5:25  Stalker  
  59  5:27  Probe  
  63  5:35  Probe  
  63  5:39  Probe  
  63  5:45  Phoenix  
  63  5:47  Probe  
  64  5:51  Stalker x2  
  64  5:57  Probe  
  69  5:59  Probe  
  70  6:05  Nexus  
  70  6:07  Pylon  
  70  6:08  Stalker x2  
  74  6:14  Stalker x2  
  78  6:22  Pylon  
  78  6:23  Pylon  
  78  6:25  Probe  
  79  6:26  Forge  
  79  6:31  Stalker  
  79  6:32  Stalker  
  83  6:43  Probe  
  83  6:44  Stalker x2  
  86  6:47  Charge  
  86  6:48  Probe  
  86  6:55  Probe  
  86  6:56  Protoss Ground Weapons Level 1 (Chrono Boost)  
  86  7:00  Probe  
  88  7:03  Robotics Facility  
  88  7:07  Probe  
  89  7:12  Probe, Shield Battery  
  90  7:17  Pylon  
  90  7:18  Stalker  
  90  7:20  Probe  
  90  7:22  Shield Battery  
  93  7:23  Stalker  
  93  7:26  Probe x2  
  96  7:33  Probe  
  97  7:37  Stalker  
  97  7:38  Stalker  
  97  7:40  Assimilator  
  100  7:51  Stalker x2  
  103  8:03  Zealot, Observer  
  103  8:04  Zealot  
  106  8:11  Probe  
  103  8:16  Stalker x2  
  103  8:17  Gateway  
  103  8:19  Gateway  
  107  8:22  Gateway, Photon Cannon  
  107  8:23  Gateway  
  107  8:26  Photon Cannon  
  107  8:30  Warp Prism  
  109  8:40  Zealot x4  
  116  8:42  Probe  
  117  8:51  Protoss Ground Weapons Level 2 (Chrono Boost)  
  117  8:54  Pylon  
  117  9:02  Nexus  
  117  9:13  Zealot x5  
  117  9:15  Probe x2  
  129  9:20  Observer (Chrono Boost)  
  117  9:43  Zealot x5  
  117  9:44  Zealot x3  
  93  10:01  Probe x2  
  93  10:02  Probe  
  93  10:04  Stalker x5  
  103  10:11  Photon Cannon  
  103  10:13  Probe  
  104  10:17  Photon Cannon  
  104  10:18  Warp Prism (Chrono Boost)  
  106  10:30  Stalker x2  
  106  10:32  Probe x3  
  106  10:33  Probe  
  114  10:40  Zealot x2  
  118  10:44  Probe x2  
  118  10:45  Probe  
  121  10:52  Zealot x3  
  127  10:58  Pylon, Observer  
  124  11:08  Stalker x5  
  120  11:17  Zealot x3  
  107  11:31  Zealot x5  
  105  11:34  Stalker x5  
  105  11:35  Probe  
  105  11:39  Warp Prism (Chrono Boost)  
  92  11:40  Stalker x3  
  92  11:45  Probe  
  92  11:46  Probe x2  
  103  11:50  Photon Cannon  
  103  12:00  Stalker x3  
  109  12:01  Zealot x2  
  109  12:03  Zealot x2  
  117  12:11  Zealot  
  119  12:16  Pylon  
  119  12:20  Observer  
  119  12:24  Stalker  
  119  12:25  Zealot x3, Stalker x3  
  133  12:40  Observer  
  131  12:48  Zealot x7  
  131  12:49  Zealot  
Tags
 
Add a new tag
Caveats
  • Supply blocks, unpowered buildings, or Contaminate may cause inaccurate times.
  • Supply counts are checked every 10 seconds.